 Dungeon Crawl Stone Soup version 0.19-a0-1888-g6ba2374 (webtiles) character file.

133968 Kirkhe the Eclecticist (level 17, -1/105 HPs)
             Began as an Octopode Earth Elementalist on Oct 17, 2016.
             Was the Champion of Vehumet.
             Slain by a bog body (19 damage)
             ... on level 4 of the Swamp.
             The game lasted 02:39:00 (36714 turns).

Kirkhe the Eclecticist (OpEE)                      Turns: 36714, Time: 02:39:00

Health: -1/105     AC:  3    Str: 14    XL:     17   Next: 16%
Magic:  21/36      EV: 20    Int: 27    God:    Vehumet [******]
Gold:   2203       SH:  0    Dex: 26    Spells: 10 memorised, 16 levels left

rFire  + . .     SeeInvis .     N - +4 mace of Dissatisfaction {speed, rN+ Dex+8}
rCold  + . .     Gourm    .     i - +3 buckler
rNeg   + + .     Faith    .     k - +2 hat
rPois  .         Spirit   .     x - amulet of dismissal
rElec  .         Dismiss  +     o - +5 ring of intelligence
rCorr  +         Reflect  .     F - ring of protection from fire
MR     ++...     Harm     .     B - ring of wizardry
Stlth  +++.......               O - ring of protection from magic
                                p - +3 ring of dexterity
                                R - ring "Ceiff" {rCorr +Blink rN+ Str+5 Dex-4}
                                h - +6 ring of dexterity
                                (no ring)

@: confused, repel missiles
A: almost no armour, stealthy swim, amphibious, 8 rings, constrict 8, camouflage
1, cold resistance 1, regeneration 1, gelatinous body 1
a: Renounce Religion, Evoke Blink


You were on level 4 of the Swamp.
You worshipped Vehumet.
Vehumet was exalted by your worship.
You were hungry.

You visited 5 branches of the dungeon, and saw 28 of its levels.
You visited 1 bazaar.
You also visited: Bailey.

You collected 3394 gold pieces.
You spent 1191 gold pieces at shops.

Inventory:

Hand Weapons
 D - a +0 blowgun
 E - the +10 whip "Befrin" {slash, *Rage rPois Dex+8}
   (You found it on level 5 of the Dungeon)

   It inflicts extra damage upon your enemies.
   It affects your dexterity (+8).
   It protects you from poison.
   It may make you go berserk in combat.
 N - the +4 mace of Dissatisfaction (weapon) {speed, rN+ Dex+8}
   (You found it on level 9 of the Dungeon)

   Attacks with this weapon are significantly faster.
   It affects your dexterity (+8).
   It protects you from negative energy.
Missiles
 K - 419 stones (quivered)
 W - 7 curare-tipped needles
Armour
 i - a +3 buckler (worn)
 k - a +2 hat (worn)
 X - the +5 shield of a labyrinth {rN++ Stlth+}
   (You bought it in a shop in a bazaar)

   It greatly protects you from negative energy.
   It makes you more stealthy.
Jewellery
 h - a +6 ring of dexterity (on tentacle)
 o - a +5 ring of intelligence (left tentacle)
 p - a +3 ring of dexterity (on tentacle)
 x - an amulet of dismissal (around mantle)
 y - an uncursed amulet of rage
 B - a ring of wizardry (on tentacle)
 F - a ring of protection from fire (right tentacle)
 O - a ring of protection from magic (on tentacle)
 Q - an uncursed ring of ice
 R - the ring "Ceiff" (on tentacle) {rCorr +Blink rN+ Str+5 Dex-4}
   (You bought it in a shop in a bazaar)

   [ring of resist corrosion]

   It affects your strength (+5).
   It affects your dexterity (-4).
   It protects you from negative energy.
   It lets you blink.
Wands
 l - a wand of heal wounds (5/9)
 A - a wand of paralysis (6/24)
 U - a wand of disintegration (9/24)
 Z - a wand of digging (17/24)
Scrolls
 b - a scroll of fear
 d - a scroll of amnesia
 e - 10 scrolls of remove curse
 m - 7 scrolls of identify
 n - 2 scrolls of summoning
 r - 4 scrolls of recharging
 t - 5 scrolls of immolation
 u - a scroll of teleportation
 J - 4 scrolls of fog
 P - a scroll of silence
 T - 4 scrolls of blinking
 V - 2 scrolls of magic mapping
Potions
 a - 3 potions of cure mutation
 f - 2 potions of ambrosia
 g - 7 potions of flight
 j - 12 potions of curing
 q - 2 potions of might
 s - 5 potions of brilliance
 w - 2 potions of haste
 G - 3 potions of magic
 H - 2 potions of invisibility
 L - 5 potions of heal wounds
 M - a potion of agility
 Y - 4 potions of resistance
Books
 z - a book of Conjurations

   Spells                             Type                      Level
   a - Magic Dart                     Conjuration                  1
   b - Searing Ray                    Conjuration                  2
   c - Dazzling Spray                 Conjuration/Hexes            3
   d - Fulminant Prism                Conjuration/Hexes            4
   e - Iskenderun's Mystic Blast      Conjuration                  4
   f - Iskenderun's Battlesphere      Conjuration/Charms           5
Miscellaneous
 I - a lamp of fire
Comestibles
 c - 7 bread rations
 v - 8 meat rations
 C - 3 chunks of flesh


   Skills:
 - Level 6.1 Fighting
   Level 4.0 Short Blades
 - Level 8.0 Maces & Flails
 - Level 7.3 Dodging
 - Level 7.0 Stealth
 * Level 8.0 Shields
 + Level 15.6 Spellcasting
 + Level 12.9 Conjurations
 - Level 0.2 Charms
 - Level 1.0 Transmutations
 - Level 0.2 Air Magic
 + Level 14.4 Earth Magic
 - Level 3.4 Evocations


You had 16 spell levels left.
You knew the following spells:

 Your Spells              Type           Power        Failure   Level  Hunger
a - Sandblast             Erth           ######       0%          1    None
b - Stone Arrow           Conj/Erth      ######       1%          3    None
c - Passwall              Tmut/Erth      ######....   1%          2    None
d - Lee's Rapid Deconstr  Erth           #######...   1%          5    None
e - Petrify               Tmut/Erth      ######..     1%          4    None
f - Tukima's Dance        Hex            ###.....     4%          3    None
g - Repel Missiles        Chrm/Air       ###...       1%          2    None
h - Iron Shot             Conj/Erth      #######...   1%          6    ####...
i - Blink                 Tloc           N/A          1%          2    None
j - Ozocubu's Armour      Chrm/Ice       ###.....     4%          3    None


Dungeon Overview and Level Annotations

Branches:
Dungeon (15/15)            Temple (1/1) D:6            Lair (6/6) D:10
  Swamp (4/4) Lair:4        Snake (0/4) Lair:4        Slime (0/5) Lair:6
    Orc (2/2) D:10            Elf (0/3) Orc:2        Vaults (0/5) D:14
 Depths (0/5) D:15

Altars:
Ashenzari
Cheibriados
Dithmenos
Elyvilon
Fedhas
Gozag
Hepliaklqana
Kikubaaqudgha
Makhleb
Nemelex Xobeh
Okawaru
Qazlal
Ru
Sif Muna
Trog
Uskayaw
Vehumet
Xom
Yredelemnul
Zin
The Shining One
Beogh
Jiyva

Shops:
D:7 [   Orc:2 ([(}

Portals:
Trove: D:11 (give 22 scrolls of identify)

Annotations:
D:6 1 runed door
D:8 exclusion: hornet
D:13 Frances
Swamp:1 1 runed door


Innate Abilities, Weirdness & Mutations

You cannot wear most types of armour.
You are very stealthy in the water. (Stealth+)
You are amphibious.
You can wear up to eight rings at the same time.
You can use your tentacles to constrict eight enemies at once.
Your skin changes colour to match your surroundings (Stealth+).
Your rubbery body absorbs attacks. (AC +1, EV +1)
Your flesh is cold resistant. (rC+)
Your natural rate of healing is unusually fast.


Message History

Aim: a bog body The iron shot hits the bog body.
The bog body is almost destroyed.
The swamp drake breathes noxious fumes at you.
The noxious blast misses you. The five-headed hydra misses you.
The five-headed hydra completely misses you.
The five-headed hydra bites you.
You block the five-headed hydra's attack.
The five-headed hydra bites you! The bog body hits you!
The bog body misses you. The bog body completely misses you.
The bog body barely misses you.
You are engulfed in noxious fumes.
You choke on the stench!
You are confused.
The bog body hits you!! The bog body misses you. The swamp drake bites you!
The five-headed hydra bites you. The five-headed hydra bites you!
* * * LOW HITPOINT WARNING * * *
Your amulet of dismissal vibrates suddenly!
The five-headed hydra disappears!
The bog body barely misses you. The bog body misses you.
The bog body hits you!!
You die...

♣.≈≈≈≈......
♣♣.≈≈≈≈≈≈≈≈♣♣§≈
♣♣..≈≈≈≈≈≈≈.≈..♣
...≈≈§§≈≈≈≈..≈≈♣
..≈≈≈..†≈≈≈.≈≈.♣
♣§.....<≈[≈...♣♣♣♣
.≈≈≈≈≈≈..≈..≈....♣
≈≈≈≈≈D.♣♣nnn≈.≈≈≈≈
≈≈≈≈§.♣♣≈§@§..≈≈.≈
≈≈%... ♣Dk§§≈.≈♣♣♣
♣≈♣♣.....≈≈≈≈.♣♣ ♣
..≈≈≈≈≈≈≈≈≈♣
♣..≈≈.kn.≈≈≈♣
≈≈♣♣♣.≈≈≈... .
.#.#≈≈§.. ....
..#+#+


You could see a swamp dragon, 4 bog bodies and 2 swamp drakes.

Vanquished Creatures
  A tentacled monstrosity (Swamp:3)
  Kirke (D:13)
  The ghost of Zigma the Brawler, a journeyman DrMo of Yredelemnul (Swamp:2)
  An orc warlord (Orc:2)
  The ghost of Naow the Severer, a journeyman FoFi of Okawaru (D:15)
  The ghost of Naow the Peltast, a journeyman FoFi of Okawaru (Orc:2)
  The ghost of Kirkhe the Geomancer, a journeyman OpEE of Vehumet (Lair:2)
  An ogre mage (D:15)
  Harold (D:10)
  A ghost crab (Swamp:3)
  12 hydras
  3 catoblepae (Lair:6)
  2 centaur warriors
  17 death yaks (Lair:6)
  2 orc high priests (Orc:2)
  Nergalle (D:10)
  14 alligators
  5 spriggans
  2 unseen horrors
  A glowing orange brain (D:14)
  3 swamp dragons
  A lindwurm (Lair:6)
  Pikel (D:8)
  5 orc knights
  5 hill giants
  4 shambling mangroves
  2 deep elf magi (D:15)
  An orb spider (shapeshifter) (D:14)
  An ugly thing (D:13)
  A salamander (shapeshifter) (D:14)
  5 orc sorcerers
  6 manticores
  3 cyclopes
  14 elephants
  A salamander (D:15)
  A centaur zombie (D:13)
  2 black mambas
  24 spiny frogs
  Psyche (D:8)
  2 centaur skeletons
  2 gargoyles
  3 kobold demonologists (D:14)
  A rime drake (Lair:6)
  An efreet (D:13)
  3 yaktaurs (D:15)
  A komodo dragon (shapeshifter) (D:14)
  10 komodo dragons
  3 tyrant leeches
  A polar bear (Lair:2)
  A hornet (shapeshifter) (D:12)
  A queen bee (Lair:3)
  15 trolls
  12 hornets
  13 blink frogs
  10 hippogriffs
  6 two-headed ogres
  6 bog bodies
  24 slime creatures
  Sigmund (D:2)
  2 wraiths
  A shadow (D:13)
  A water elemental (D:13)
  Grum (D:8)
  A basilisk (Lair:3)
  4 hogs (D:13)
  30 vampire mosquitoes
  40 yaks
  2 mottled dragons
  2 hungry ghosts
  Menkaure (D:6)
  3 wargs (Orc:2)
  13 insubstantial wisps
  A swamp worm (shapeshifter) (D:13)
  2 nagas (Lair:4)
  19 swamp worms
  9 porcupines
  9 water moccasins
  50 orc warriors
  2 black bears
  6 swamp drakes
  A slave (D:8)
  2 ice beasts
  6 sky beasts
  A hornet zombie (D:13)
  2 phantoms
  3 wolves (D:8)
  An eye of draining (D:8)
  14 ogres
  6 centaurs
  9 crocodiles
  2 big kobolds
  21 bullfrogs
  A wyvern skeleton (D:14)
  7 scorpions
  A water moccasin skeleton (D:10)
  10 wights
  15 killer bees (Lair:3)
  5 electric eels
  A bullfrog zombie (D:6)
  3 howler monkeys (D:11)
  5 crimson imps
  3 quasits
  4 hounds
  31 orc priests
  A gnoll shaman (Orc:1)
  4 jellies
  A bullfrog skeleton (D:6)
  25 orc wizards
  12 worker ants
  4 iguanas
  A hound skeleton (D:11)
  A howler monkey zombie (D:8)
  A worker ant zombie (D:9)
  32 gnolls
  17 adders
  2 shadow imps
  An ooze (D:2)
  3 adder skeletons
  3 dart slugs
  3 leopard geckos
  122 orcs
  21 bats
  5 giant cockroaches
  29 hobgoblins
  15 jackals
  7 quokkas
  A ball python (D:3)
  11 frilled lizards
  22 goblins
  A goblin zombie (D:4)
  2 hobgoblin zombies (D:4)
  16 kobolds
  2 kobold skeletons (D:4)
  A kobold zombie (D:4)
  A leopard gecko skeleton (D:8)
  3 orc zombies (D:4)
  A quokka skeleton (D:8)
  A quokka zombie (D:7)
  4 rats
995 creatures vanquished.

Vanquished Creatures (others)
  A swamp worm (Swamp:3)
  A slave (D:8)
  An orc priest (D:13)
  An orc wizard (D:13)
  An adder (D:8)
  An orc (D:13)
  21 fungi
  19 plants
46 creatures vanquished.

Grand Total: 1041 creatures vanquished

Notes
Turn   | Place    | Note
-------+----------+-------------------------------------------
     0 | D:1      | Kirkhe the Octopode Earth Elementalist began the quest for the Orb.
     0 | D:1      | Reached XP level 1. HP: 11/11 MP: 3/3
    88 | D:1      | Reached XP level 2. HP: 16/17 MP: 0/5
   636 | D:2      | Reached XP level 3. HP: 21/21 MP: 3/6
   846 | D:2      | Reached XP level 4. HP: 25/27 MP: 6/8
   921 | D:2      | Noticed Sigmund
   929 | D:2      | Killed Sigmund
   929 | D:2      | Reached skill level 1 in Shields
   929 | D:2      | Reached skill level 3 in Spellcasting
   929 | D:2      | Reached XP level 5. HP: 31/31 MP: 4/10
   948 | D:2      | Found a faded altar of an unknown god.
   948 | D:2      | Found a faded altar of an unknown god.
   963 | D:2      | Found a hazy altar of Hepliaklqana.
   965 | D:2      | Found a faded altar of an unknown god.
   967 | D:2      | Found a faded altar of an unknown god.
  1089 | D:2      | Found a sparkling altar of Nemelex Xobeh.
  1121 | D:2      | Reached skill level 4 in Spellcasting
  1121 | D:2      | Reached XP level 6. HP: 36/36 MP: 7/12
  1127 | D:2      | Found a burning altar of Makhleb.
  1528 | D:3      | Found a glowing silver altar of Zin.
  2096 | D:4      | Learned a level 3 spell: Stone Arrow
  2099 | D:4      | Learned a level 2 spell: Passwall
  2105 | D:4      | Found a basalt altar of Yredelemnul.
  2155 | D:4      | Noticed a phantom
  2172 | D:4      | Killed a phantom
  2172 | D:4      | Reached skill level 5 in Earth Magic
  2183 | D:4      | Reached XP level 7. HP: 41/41 MP: 6/14
  2263 | D:4      | Found a glowing golden altar of the Shining One.
  2563 | D:4      | Reached skill level 5 in Spellcasting
  2660 | D:4      | Got a faintly glowing whip
  2844 | D:4      | Identified the cursed +1 whip of Action {speed, Int+2} (You found it on level 4 of the Dungeon)
  2848 | D:5      | Entered Level 5 of the Dungeon
  2903 | D:5      | Got an ivory whip
  2904 | D:5      | Identified the +10 whip "Befrin" {slash, *Rage rPois Dex+8} (You found it on level 5 of the Dungeon)
  3069 | D:5      | Found a shimmering altar of Xom.
  3077 | D:5      | Reached XP level 8. HP: 38/46 MP: 8/16
  3748 | D:6      | Got a pitted mace
  3762 | D:6      | Reached skill level 6 in Spellcasting
  3787 | D:6      | Identified the +7 mace of Revolt {chaos, Dex+2} (You found it on level 6 of the Dungeon)
  3885 | D:6      | Noticed Menkaure
  4209 | D:6      | Reached XP level 9. HP: 51/51 MP: 16/19
  4230 | D:6      | Reached skill level 7 in Spellcasting
  4266 | D:6      | Found a deep blue altar of Sif Muna.
  4299 | D:6      | Found a staircase to the Ecumenical Temple.
  4303 | Temple   | Entered the Ecumenical Temple
  4556 | D:6      | Found a runed door.
  4610 | D:6      | Killed Menkaure
  4661 | D:6      | Reached skill level 5 in Shields
  5680 | D:7      | Reached skill level 1 in Short Blades
  5714 | D:7      | Found a radiant altar of Vehumet.
  5771 | D:7      | Found Onuxu's Antique Armour Shoppe.
  5778 | D:7      | Reached skill level 8 in Spellcasting
  5778 | D:7      | Reached skill level 1 in Conjurations
  6094 | D:7      | Became a worshipper of Vehumet
  6192 | D:8      | Noticed a hornet
  6316 | D:8      | Noticed Grum
  6326 | D:8      | Killed Grum
  6336 | D:8      | Reached XP level 10. HP: 50/56 MP: 1/22
  6594 | D:8      | Noticed Psyche
  6599 | D:8      | Killed Psyche
  6837 | D:8      | Reached skill level 9 in Spellcasting
  6942 | D:8      | Found a large runed door.
  6948 | D:8      | Noticed a gargoyle
  6955 | D:8      | Killed a gargoyle
  7077 | D:8      | Found a large runed door.
  7160 | D:8      | Noticed Pikel
  7166 | D:8      | Killed Pikel
  7420 | D:8      | Learned a level 5 spell: Lee's Rapid Deconstruction
  7425 | D:8      | Learned a level 4 spell: Petrify
  7441 | D:8      | Reached * piety under Vehumet
  7441 | D:8      | Offered knowledge of Freeze by Vehumet.
  7909 | D:8      | Found a glowing silver altar of Zin.
  7909 | D:8      | Noticed a six-headed hydra
  7912 | D:8      | Found a bloodstained altar of Trog.
  7988 | D:8      | Killed a six-headed hydra
  7988 | D:8      | Reached skill level 10 in Spellcasting
  7988 | D:8      | Reached skill level 10 in Earth Magic
  8081 | D:9      | Reached XP level 11. HP: 61/61 MP: 19/25
  8146 | D:9      | Got an iridescent mace
  8152 | D:9      | Found a white marble altar of Elyvilon.
  8278 | D:9      | You fall through a shaft!
  8278 | D:10     | Entered Level 10 of the Dungeon
  8294 | D:10     | Noticed Nergalle
  8295 | D:10     | Found a staircase to the Lair.
  8473 | D:9      | Found a shadowy altar of Dithmenos.
  8490 | D:9      | Reached ** piety under Vehumet
  8556 | D:9      | Offered knowledge of Flame Tongue by Vehumet.
  8575 | D:9      | Found a flagged portal.
  8580 | Bailey   | Entered a bailey
  8676 | Bailey   | Identified the +4 mace of Dissatisfaction {speed, rN+ Dex+8} (You found it on level 9 of the Dungeon)
  9162 | Bailey   | Noticed an orc knight
  9170 | Bailey   | Killed an orc knight
  9214 | Bailey   | Offered knowledge of Throw Frost by Vehumet.
  9263 | Bailey   | Reached *** piety under Vehumet
  9507 | Bailey   | Noticed an orc warlord
  9509 | Bailey   | Gained mutation: Your flesh is cold resistant. (rC+) [potion of beneficial mutation]
  9510 | Bailey   | Gained mutation: Your natural rate of healing is unusually fast. [potion of beneficial mutation]
  9512 | Bailey   | Noticed an orc knight
  9692 | Bailey   | Killed an orc knight
 10034 | D:9      | Offered knowledge of Sticky Flame by Vehumet.
 10111 | D:9      | Reached skill level 11 in Spellcasting
 10615 | D:10     | Reached **** piety under Vehumet
 10705 | D:10     | Reached skill level 1 in Maces & Flails
 10810 | D:10     | Found a staircase to the Orcish Mines.
 10841 | D:10     | Offered knowledge of Bolt of Draining by Vehumet.
 10841 | D:10     | Reached skill level 5 in Conjurations
 11224 | D:10     | Noticed Harold
 11572 | Lair:1   | Entered Level 1 of the Lair of Beasts
 11705 | Lair:1   | Noticed an eight-headed hydra
 11729 | Lair:1   | Reached XP level 12. HP: 44/66 MP: 4/27
 12733 | Lair:1   | Noticed an eight-headed hydra
 13581 | Lair:1   | Killed an eight-headed hydra
 13588 | Lair:1   | Killed an eight-headed hydra
 13588 | Lair:1   | Reached skill level 12 in Spellcasting
 13667 | Lair:2   | Noticed a five-headed hydra
 13676 | Lair:2   | Killed a five-headed hydra
 13883 | Lair:2   | Noticed Kirkhe's ghost (journeyman OpEE)
 14091 | Lair:2   | Learned a level 3 spell: Tukima's Dance
 14150 | Lair:2   | Killed Kirkhe's ghost
 14971 | Lair:3   | Reached skill level 5 in Maces & Flails
 14971 | Lair:3   | Reached skill level 1 in Evocations
 14978 | Lair:3   | Reached XP level 13. HP: 72/72 MP: 6/29
 15511 | Lair:3   | Reached ***** piety under Vehumet
 15941 | Lair:4   | Reached skill level 13 in Spellcasting
 15997 | Lair:4   | Found a staircase to the Swamp.
 16019 | Lair:4   | Offered knowledge of Freezing Cloud by Vehumet.
 16098 | Lair:4   | Reached skill level 1 in Fighting
 16245 | Lair:4   | Found a staircase to the Snake Pit.
 17155 | Lair:5   | Reached skill level 5 in Dodging
 18196 | Lair:6   | Entered Level 6 of the Lair of Beasts
 18221 | Lair:6   | Learned a level 2 spell: Repel Missiles
 19621 | Lair:6   | Reached XP level 14. HP: 86/86 MP: 28/31
 19631 | Lair:6   | Found a viscous altar of Jiyva.
 19632 | Lair:6   | Found a staircase to the Slime Pits.
 19822 | Lair:6   | Reached skill level 5 in Fighting
 20955 | Lair:6   | Offered knowledge of Iron Shot by Vehumet.
 20969 | Lair:6   | Learned a level 6 spell: Iron Shot
 22683 | D:10     | Killed Nergalle
 22683 | D:10     | Reached skill level 10 in Conjurations
 22746 | D:10     | Killed Harold
 23156 | D:11     | Learned a level 2 spell: Blink
 23489 | D:11     | Found a portal to a secret trove of treasure.
 23540 | D:11     | You fall through a shaft for 3 floors!
 23571 | D:13     | Found a glowing silver altar of Zin.
 23621 | D:13     | Learned a level 3 spell: Ozocubu's Armour
 24029 | D:12     | Reached XP level 15. HP: 87/94 MP: 21/32
 24352 | D:12     | Reached skill level 14 in Spellcasting
 25155 | D:13     | Noticed Kirke
 25160 | D:13     | Killed Kirke
 25860 | D:13     | Noticed Frances
 26045 | Orc:1    | Entered Level 1 of the Orcish Mines
 26176 | Orc:2    | Entered Level 2 of the Orcish Mines
 26176 | Orc:2    | Noticed Naow's ghost (journeyman FoFi)
 26179 | Orc:2    | Killed Naow's ghost
 26194 | Orc:2    | Found a staircase to the Elven Halls.
 26294 | Orc:1    | Reached skill level 5 in Stealth
 26317 | Orc:1    | Reached ****** piety under Vehumet
 26317 | Orc:1    | Offered knowledge of Irradiate by Vehumet.
 26617 | Orc:2    | Found a roughly hewn altar of Beogh.
 26621 | Orc:2    | Found Lawogh's Gadget Emporium.
 26883 | Orc:2    | Found a roughly hewn altar of Beogh.
 26957 | Orc:2    | Found a roughly hewn altar of Beogh.
 27112 | Orc:2    | Found a roughly hewn altar of Beogh.
 27113 | Orc:2    | Found Liyf's Antique Weapon Shoppe.
 27650 | Orc:2    | Offered knowledge of Ozocubu's Refrigeration by Vehumet.
 27830 | Orc:2    | Noticed an orc warlord
 27847 | Orc:2    | Killed an orc warlord
 28183 | Orc:2    | Found Forchyuz's Antique Weapon Shoppe.
 28183 | Orc:2    | Found a roughly hewn altar of Beogh.
 28184 | Orc:2    | Found Punicant's Antique Armour Emporium.
 29106 | D:14     | Found a gateway to a bazaar.
 29166 | Bazaar   | Entered a bazaar
 29166 | Bazaar   | Found Cedoes's Distillery.
 29166 | Bazaar   | Found Batudgh's Antique Armour Shoppe.
 29166 | Bazaar   | Found Seaniz's Jewellery Shop.
 29168 | Bazaar   | Found Qaibut's Food Emporium.
 29217 | Bazaar   | Bought a potion of degeneration for 18 gold pieces
 29231 | Bazaar   | Bought a slimy shield for 228 gold pieces
 29242 | Bazaar   | Identified the +5 shield of a labyrinth {rN++ Stlth+} (You bought it in a shop in a bazaar)
 29259 | Bazaar   | Bought a potion of heal wounds for 90 gold pieces
 29259 | Bazaar   | Bought a potion of magic for 144 gold pieces
 29259 | Bazaar   | Bought 2 potions of magic for 288 gold pieces
 29265 | Bazaar   | Bought a cursed -2 ring of protection for 20 gold pieces
 29268 | Bazaar   | Bought the ring "Ceiff" {rCorr +Blink rN+ Str+5 Dex-4} for 403 gold pieces
 29313 | D:14     | Found a gate to the Vaults.
 29690 | D:15     | Entered Level 15 of the Dungeon
 30050 | D:15     | Noticed Naow's ghost (journeyman FoFi)
 30063 | D:15     | Killed Naow's ghost
 30364 | D:15     | Found a staircase to the Depths.
 30506 | D:15     | Reached XP level 16. HP: 99/99 MP: 11/34
 30532 | D:15     | Offered knowledge of Poison Arrow by Vehumet.
 30740 | D:15     | Found a basalt altar of Yredelemnul.
 31471 | Swamp:1  | Entered Level 1 of the Swamp
 31877 | Swamp:1  | You fall through a shaft!
 32027 | Swamp:1  | Found a runed door.
 32027 | Swamp:1  | Noticed a tentacled monstrosity
 33303 | Swamp:2  | Reached skill level 15 in Spellcasting
 33469 | Swamp:2  | Noticed Zigma's ghost (journeyman DrMo)
 33484 | Swamp:2  | Killed Zigma's ghost
 34738 | Swamp:3  | Noticed a tentacled monstrosity
 34745 | Swamp:3  | Killed a tentacled monstrosity
 34995 | Swamp:2  | Offered knowledge of Spellforged Servitor by Vehumet.
 35956 | Swamp:3  | Reached XP level 17. HP: 105/105 MP: 24/36
 36099 | Swamp:4  | Entered Level 4 of the Swamp
 36714 | Swamp:4  | Slain by a bog body

Vault maps used:
D:1:      dpeg_arrival_tiny_f
D:2:      lemuel_round_altar, chequers_temple_overflow_minitemple,
          nemelex_xobeh_ov_fountains_minmay, minmay_tromino_v4_a, uniq_sigmund
D:3:      lemuel_doored_altar, kennysheep_generic_room_8
D:4:      nicolae_tso_besieged_by_evil, nicolae_overflow_crystal_walls,
          first_bread
D:5:      overflow_temple_1_default
D:6:      cheibrodos_thug_alley, led_sif_pool, serial_bayou_crossing,
          uniq_menkaure, uniq_crazy_yiuf_cottage
D:7:      kennysheep_little_box, serial_shops, shop_fountains
D:8:      hangedman_pestilent_swarm, jmf_multi_god_temple2, uniq_grum,
          uniq_pikel, uniq_psyche
D:9:      lemuel_coloured_pillars_altar, grunt_dithmenos_smoke, enter_bailey_3,
          minmay_statues_item
D:10:     lair_0_dummy, erik_orc_3, uniq_harold, uniq_nergalle
D:11:     enter_trove_6
D:13:     basic_altar, kennysheep_generic_room_9, uniq_kirke, uniq_frances
D:14:     david_vaults_2, serial_shops, bzr_entry_lakeside,
          minmay_misc_feat_iff, minmay_misc_feat_diagonals
D:15:     hangedman_depths_entry_try_elsewhere_first, lemuel_tele_altar
Temple:   cyrus_temple_forest
Lair:1:   roderic_batcave, serial_bayou_shore_a
Lair:3:   special_room
Lair:4:   swamp_mist_pool, guppyfry_snake_entry_island, disabler_island
Lair:6:   evilmike_catoblepas_cave, slime_altar_1
Swamp:1:  cheibrodos_swamp_sealed, infiniplex_staircase_pool
Swamp:2:  hangedman_swamp_diagram
Swamp:3:  hangedman_swamp_cone
Swamp:4:  grunt_swamp_rune_castle, swamp_pool5, infiniplex_staircase_pool_2
Orc:2:    grunt_orc_community_town_hall, grunt_orc_community_big_house_2,
          grunt_orc_community_big_house_1, grunt_orc_community_house_1,
          grunt_orc_community_house_1, grunt_orc_community_house_1,
          grunt_orc_community_house_3
Bazaar:   bazaar_minmay_generic_island
Bailey:   bailey_axe_minmay_hex_keep, bailey

Skill      XL: |  1  2  3  4  5  6  7  8  9 10 11 12 13 14 15 16 17 |
---------------+----------------------------------------------------+-----
Earth Magic    | 4 5 6 7 8 10 11 12 13 14 | 14.4
Shields        | 1 2 3 4 5 7 8 |  8.0
Spellcasting   | 3 4 5 6 8 10 11 12 13 14 15 | 15.6
Short Blades   | 2 4 |  4.0
Conjurations   | 2 3 5 8 9 10 11 12 | 12.9
Stealth        | 3 7 |  7.0
Maces & Flails | 2 5 7 8 |  8.0
Dodging        | 3 7 |  7.3
Evocations     | 1 3 |  3.4
Fighting       | 4 6 |  6.1
Charms         | |  0.2
Transmutations | |  1.0
Air Magic      | |  0.2

Action                   |  1- 3 |  4- 6 |  7- 9 | 10-12 | 13-15 | 16-18 || total
-------------------------+-------+-------+-------+-------+-------+-------++-------
Melee: Constrict         |     1 |       |     6 |    45 |   102 |    17 ||   171
       Dagger            |       |       |    24 |   177 |       |       ||   201
       Tentacles         |       |       |     8 |    25 |   113 |    37 ||   183
       Whip              |       |       |    11 |    26 |    39 |    24 ||   100
       Mace              |       |       |       |       |   395 |   116 ||   511
 Fire: Blowgun           |       |       |       |     4 |       |       ||     4
Throw: Stone             |       |       |     1 |       |     3 |     4 ||     8
       Javelin           |       |       |    10 |       |       |       ||    10
 Cast: Sandblast         |    42 |    73 |   154 |    79 |     1 |       ||   349
       Stone Arrow       |       |       |    47 |   296 |   496 |   122 ||   961
       Lee's Rapid Decon |       |       |       |     6 |     5 |       ||    11
       Petrify           |       |       |       |     4 |     5 |       ||     9
       Repel Missiles    |       |       |       |       |     3 |     1 ||     4
       Iron Shot         |       |       |       |       |   198 |   182 ||   380
       Ozocubu's Armour  |       |       |       |       |     3 |     7 ||    10
       Blink             |       |       |       |       |       |     1 ||     1
Evoke: Wand              |       |     1 |     4 |    11 |     7 |     2 ||    25
       Lamp of fire      |       |       |       |       |       |     1 ||     1
  Use: Scroll            |       |     7 |    13 |    14 |    10 |     4 ||    48
       Potion            |       |       |     3 |     5 |     1 |     2 ||    11
 Stab: Sleeping          |       |       |     1 |     7 |     7 |       ||    15
       Paralysed         |       |       |       |       |     7 |     3 ||    10
       Distracted        |       |       |       |       |     6 |       ||     6
       Petrified         |       |       |       |       |     2 |       ||     2
  Eat: Chunk             |       |     4 |    11 |    23 |    65 |     9 ||   112
       Beef jerky        |       |       |     1 |     2 |     2 |       ||     5
       Fruit             |       |       |       |     2 |     4 |       ||     6
       Meat ration       |       |       |       |       |     1 |     3 ||     4
       Bread ration      |       |       |       |       |     1 |     5 ||     6
Armor: Skin              |       |     3 |    12 |    21 |    19 |    10 ||    65
Dodge: Dodged            |    12 |     7 |    41 |   115 |   233 |   162 ||   570
       Deflected         |       |       |       |       |    13 |     1 ||    14
Block: Buckler           |       |     2 |    28 |    58 |   195 |   105 ||   388
